 Dungeon Crawl Stone Soup version 0.21.1-1-g345015fe64 (webtiles) character file.

13899 KingHarkinian the Basher (level 11, -1/105 HPs)
             Began as a Minotaur Monk on Apr 18, 2018.
             Was the Champion of Okawaru.
             Slain by a killer bee (4 damage)
             ... on level 2 of the Lair of Beasts on Apr 19, 2018.
             The game lasted 00:42:04 (13700 turns).

KingHarkinian the Basher (Minotaur Monk)           Turns: 13700, Time: 00:42:04

Health: -1/105     AC: 13    Str: 19    XL:     11   Next: 81%
Magic:  10/10      EV: 12    Int:  7    God:    Okawaru [******]
Gold:   674        SH:  5    Dex: 15    Spells: 10/10 levels left

rFire    . . .     SeeInvis .   n - +2 whip (elec)
rCold    . . .     Gourm    .   M - +0 buckler
rNeg     . . .     Faith    .   b - +0 chain mail
rPois    .         Spirit   .   (helmet restricted)
rElec    .         Reflect  .   (no cloak)
rCorr    .         Harm     .   i - +0 pair of gloves
MR       +....                  r - +0 pair of boots
Stlth    ..........             (no amulet)
HPRegen  0.27/turn              v - +2 ring of dexterity
MPRegen  0.12/turn              m - ring of protection from magic

@: lethally poisoned (-1 -> -5)
A: retaliatory headbutt, horns 2
a: Heroism, Finesse, Renounce Religion


You were on level 2 of the Lair of Beasts.
You worshipped Okawaru.
Okawaru was exalted by your worship.
You were not hungry.

You visited 3 branches of the dungeon, and saw 14 of its levels.

You collected 674 gold pieces.


Innate Abilities, Weirdness & Mutations

You reflexively headbutt those who attack you in melee.
You have a pair of horns on your head.


   Skills:
 * Level 12.4 Fighting
 + Level 14.4 Maces & Flails
 + Level 8.6 Armour
 + Level 8.5 Dodging
 - Level 1.5 Stealth
 - Level 4.0 Shields


You had 10 spell levels left.
You didn't know any spells.

Inventory:

Hand Weapons
 n - a +2 whip of electrocution (weapon)
 q - a +0 blowgun
 E - a +3 flail of venom
Missiles
 d - 194 stones (quivered)
 h - 2 curare-tipped needles {=f}
 p - 14 poisoned needles
 y - 6 tomahawks
 K - 7 javelins
 Z - 2 throwing nets {=f}
Armour
 b - a +0 chain mail (worn)
 i - a +0 pair of gloves (worn)
 r - a +0 pair of boots (worn)
 M - a +0 buckler (worn)
Magical Staves
 l - an uncursed staff of fire {unknown}
Jewellery
 e - an uncursed ring of wizardry
 m - a ring of protection from magic (right hand)
 o - an uncursed ring of poison resistance
 v - a +2 ring of dexterity (left hand)
Wands
 D - a wand of digging (21)
 F - a wand of disintegration (6)
 I - a wand of iceblast (6)
 L - a wand of polymorph (22)
 P - a wand of paralysis (15)
 V - a wand of flame (35)
Scrolls
 a - a scroll of enchant weapon
 g - 3 scrolls of immolation {!r}
 t - a scroll of fear {unknown}
 w - 2 scrolls of magic mapping {unknown}
 x - a scroll of acquirement {unknown}
 A - a scroll of torment {unknown}
 B - 2 scrolls of blinking
 N - 6 scrolls of remove curse
 R - 5 scrolls of identify {@r1}
 T - a scroll of teleportation {@r4}
 U - a scroll of holy word {unknown}
Potions
 c - 3 potions of heal wounds {unknown}
 f - 2 potions of might {unknown}
 j - 2 potions of flight {unknown}
 k - a potion of experience {unknown}
 s - a potion of mutation {unknown}
 u - 3 potions of brilliance {unknown}
 G - a potion of berserk rage {unknown}
 H - a potion of haste {@q3}
 Q - 5 potions of curing {@q1}
 S - 2 potions of resistance
Books
 C - a book of Misfortune

   Spells                             Type                      Level
   a - Confusing Touch                Hexes                        1
   b - Confuse                        Hexes                        3
   c - Gell's Gravitas                Translocation                3
   d - Petrify                        Transmutation/Earth          4
   e - Metabolic Englaciation         Hexes/Ice                    5
   f - Yara's Violent Unravelling     Hexes/Transmutation          5
 J - a book of Enchantments

   Spells                             Type                      Level
   a - Cause Fear                     Hexes                        4
   b - Yara's Violent Unravelling     Hexes/Transmutation          5
   c - Silence                        Hexes/Air                    5
   d - Deflect Missiles               Charms/Air                   6
   e - Discord                        Hexes                        8
Comestibles
 z - 32 rations
 O - 20 chunks of flesh

Dungeon Overview and Level Annotations

Branches:
Dungeon (11/15)            Temple (1/1) D:5            Lair (2/6) D:9
    Orc (0/2) D:10
  Swamp: Lair:2-4    Shoals: Lair:2-4     Snake: Lair:2-4    Spider: Lair:2-4

Altars:
Ashenzari
Cheibriados
Dithmenos
Elyvilon
Fedhas
Gozag
Hepliaklqana
Kikubaaqudgha
Makhleb
Nemelex Xobeh
Okawaru
Qazlal
Ru
Sif Muna
Trog
Uskayaw
Vehumet
Wu Jian
Xom
Yredelemnul
Zin
The Shining One

Shops:
D:5 %

Annotations:
D:4 2 transporters
D:10 Urug

##.... #.......... ##.
..#.....#..........# #..
...#....#..........# #.y
......≈≈...........###..
..#.≈≈≈≈≈≈≈..........(..
...≈≈≈≈≈≈≈(≈............
...≈≈≈≈≈≈≈≈≈≈...........
..≈≈≈≈≈y.≈≈≈≈...........
...≈≈≈≈@yt≈≈............
..≈≈≈≈≈yy≈≈≈≈........÷..
.#.≈≈≈≈≈yh≈≈.†..........
...≈≈≈≈≈≈≈≈....#.....#†.
.#.≈≈≈≈≈≈≈≈.....#.#.##..
##....≈...P....#...##..
#........#........##..
.............##....#..
#.......#....##...#...


You could see a crocodile, a wolf and 5 killer bees.


Message History

The killer bee poisons you!
The killer bee stings you but does no damage.
The killer bee closely misses you. You block the killer bee's attack.
You block the killer bee's attack. The killer bee stings you.
* * * LOW HITPOINT WARNING * * *
You are more poisoned.
The killer bee poisons you! The killer bee barely misses you.
The killer bee stings you.
* * * LOW HITPOINT WARNING * * *
You feel sick. The killer bee barely misses you.
The killer bee stings you but does no damage.
The killer bee stings you but does no damage.
The killer bee stings you.
* * * LOW HITPOINT WARNING * * *
The killer bee barely misses you.
* * * LOW HITPOINT WARNING * * *
You feel sick. The killer bee misses you.
The killer bee stings you but does no damage.
There is a stone staircase leading up, spattered with blood here.
* * * LOW HITPOINT WARNING * * *
You feel sick.
The killer bee stings you but does no damage.
You block the killer bee's attack. The killer bee stings you.
You die...

Action                   |  1- 3 |  4- 6 |  7- 9 | 10-12 || total
-------------------------+-------+-------+-------+-------++-------
Melee: Mace              |    50 |       |       |       ||    50
       Headbutt          |     8 |    20 |    62 |    99 ||   189
       Whip              |     7 |    77 |   277 |   374 ||   735
       Punch             |       |       |       |     1 ||     1
       Flail             |       |       |       |     5 ||     5
Throw: Stone             |   117 |    81 |    58 |   137 ||   393
Invok: Heroism           |       |       |       |     4 ||     4
  Use: Scroll            |       |     4 |     4 |     2 ||    10
       Potion            |       |       |       |     2 ||     2
 Stab: Sleeping          |       |     2 |       |       ||     2
  Eat: Chunk             |     2 |     8 |     6 |    20 ||    36
       Ration            |       |       |     1 |       ||     1
Armor: Robe              |     2 |       |       |       ||     2
       Leather armour    |     5 |       |       |       ||     5
       Ring mail         |     2 |    15 |     4 |       ||    21
       Chain mail        |       |       |    72 |   141 ||   213
Dodge: Dodged            |    46 |    31 |    73 |   168 ||   318
Block: Buckler           |       |       |       |    61 ||    61

Vault maps used:
D:1:      dpeg_chamrin_arrival_tetris
D:2:      chequers_ecumenical_altar_simple, first_ration
D:3:      cheibrodos_ashenzari_chains, dk_vineyard_2, uniq_jessica
D:4:      gammafunk_cloud_chamber, uniq_grinder, uniq_duvessa
D:5:      minmay_temple_entry_statues_fountains, serial_shops, shop
D:6:      cheibrodos_sewer_entry_bend, minmay_misc_feat_tower
D:7:      grunt_ogre_cave
D:9:      lair_entry_dummy
D:10:     david_orc_2, glass_columns_a, uniq_urug, uniq_grum
D:11:     grunt_ministairs_5, grunt_gozag_statues
Temple:   dpeg_three_leaves_temple
Lair:1:   portal_ice_cave_demonic_guard
Lair:2:   regret_index_harrowing_hell_hive, lightli_volcano_entry_magma_tube,
          ice2_lemuel, infiniplex_staircase_pool_2

Notes
Turn   | Place    | Note
-------+----------+-------------------------------------------
     0 | D:1      | KingHarkinian the Minotaur Monk began the quest for the Orb.
     0 | D:1      | Reached XP level 1. HP: 19/19 MP: 0/0
   221 | D:1      | Reached skill level 4 in Maces & Flails
   264 | D:1      | Reached XP level 2. HP: 26/26 MP: 1/1
   448 | D:1      | Reached skill level 5 in Maces & Flails
   878 | D:2      | Reached XP level 3. HP: 27/31 MP: 2/2
  1095 | D:2      | Found a faded altar of an unknown god.
  1490 | D:2      | Reached skill level 6 in Maces & Flails
  1490 | D:2      | Reached XP level 4. HP: 39/39 MP: 3/3
  2066 | D:3      | Noticed Jessica
  2073 | D:3      | Killed Jessica
  2073 | D:3      | Reached skill level 7 in Maces & Flails
  2073 | D:3      | Reached XP level 5. HP: 19/45 MP: 4/4
  2319 | D:3      | Found a shattered altar of Ashenzari.
  3241 | D:4      | Noticed Grinder
  3246 | D:4      | Paralysed by Grinder for 7 turns
  3559 | D:4      | Paralysed by Grinder for 6 turns
  3574 | D:4      | Paralysed by Grinder for 2 turns
  3587 | D:4      | Killed Grinder
  3587 | D:4      | Reached skill level 8 in Maces & Flails
  3587 | D:4      | Reached XP level 6. HP: 13/51 MP: 5/5
  3589 | D:4      | Reached skill level 9 in Maces & Flails
  4123 | D:4      | Found a transporter.
  4125 | D:4      | Noticed an ice beast
  4125 | D:4      | Noticed an ice beast
  4125 | D:4      | Noticed Duvessa
  4128 | D:4      | Noticed Dowan
  4141 | D:4      | Killed Duvessa
  4141 | D:4      | Reached skill level 10 in Maces & Flails
  4141 | D:4      | Reached XP level 7. HP: 40/57 MP: 6/6
  4150 | D:4      | Killed Dowan
  4337 | D:4      | Noticed KleinerIrrer's ghost (amateur OpTm)
  4344 | D:4      | Killed KleinerIrrer's ghost
  4346 | D:4      | Reached skill level 11 in Maces & Flails
  4596 | D:4      | Found a transporter.
  4748 | D:5      | Entered Level 5 of the Dungeon
  4817 | D:5      | Reached XP level 8. HP: 33/64 MP: 7/7
  5022 | D:5      | Found a staircase to the Ecumenical Temple.
  5045 | Temple   | Entered the Ecumenical Temple
  5048 | Temple   | Became a worshipper of Warmaster Okawaru
  5048 | Temple   | Reached * piety under Okawaru
  5048 | Temple   | Reached ** piety under Okawaru
  5214 | D:5      | Reached skill level 12 in Maces & Flails
  5246 | D:5      | Reached skill level 4 in Fighting
  5247 | D:5      | Found Rocatimm's Food Boutique.
  5260 | D:5      | Reached skill level 1 in Armour
  5714 | D:6      | Reached skill level 5 in Fighting
  5714 | D:6      | Reached skill level 2 in Armour
  5714 | D:6      | Reached skill level 4 in Dodging
  5915 | D:6      | Reached *** piety under Okawaru
  6068 | D:6      | Reached skill level 3 in Armour
  6068 | D:6      | Reached XP level 9. HP: 69/75 MP: 8/8
  6157 | D:6      | Reached skill level 6 in Fighting
  6374 | D:6      | Reached skill level 5 in Dodging
  6376 | D:6      | Reached skill level 7 in Fighting
  6698 | D:7      | Reached skill level 4 in Armour
  6702 | D:7      | Reached **** piety under Okawaru
  6988 | D:7      | Noticed a cyclops
  7013 | D:7      | Killed a cyclops
  7013 | D:7      | Reached skill level 8 in Fighting
  7013 | D:7      | Reached skill level 13 in Maces & Flails
  7326 | D:7      | Reached skill level 5 in Armour
  7348 | D:7      | Reached skill level 6 in Dodging
  7351 | D:7      | Reached XP level 10. HP: 58/90 MP: 9/9
  7419 | D:7      | Reached ***** piety under Okawaru
  7602 | D:7      | Reached skill level 9 in Fighting
  8759 | D:9      | Noticed CInkIbrahim's ghost (journeyman OpGl)
  8775 | D:9      | Killed CInkIbrahim's ghost
  8775 | D:9      | Reached skill level 6 in Armour
  9011 | D:9      | Found a staircase to the Lair.
  9471 | D:10     | Entered Level 10 of the Dungeon
  9474 | D:10     | Noticed a two-headed ogre
  9482 | D:10     | Killed a two-headed ogre
  9482 | D:10     | Reached skill level 10 in Fighting
  9482 | D:10     | Reached skill level 7 in Dodging
  9966 | D:10     | Found a staircase to the Orcish Mines.
 10136 | D:10     | Noticed Urug
 10142 | D:10     | HP: 6/94 [Urug/enchanted broad axe (21)]
 10609 | D:11     | Reached skill level 7 in Armour
 10622 | D:11     | Reached skill level 1 in Shields
 10741 | D:11     | Noticed a six-headed hydra
 10755 | D:11     | Killed a six-headed hydra
 10755 | D:11     | Received a gift from Okawaru
 10755 | D:11     | Reached skill level 11 in Fighting
 10755 | D:11     | Reached XP level 11. HP: 24/102 MP: 7/10
 11071 | D:11     | Noticed a two-headed ogre
 11082 | D:11     | Killed a two-headed ogre
 11082 | D:11     | Reached skill level 2 in Shields
 11144 | D:11     | Noticed a white ugly thing
 11515 | D:10     | Noticed Grum
 11524 | D:10     | Killed Grum
 11527 | D:10     | Reached ****** piety under Okawaru
 11527 | D:10     | Reached skill level 14 in Maces & Flails
 11854 | Lair:1   | Entered Level 1 of the Lair of Beasts
 11873 | D:9      | Reached skill level 3 in Shields
 12243 | Lair:1   | Reached skill level 8 in Dodging
 12753 | Lair:1   | Reached skill level 8 in Armour
 13231 | Lair:1   | Received a gift from Okawaru
 13447 | Lair:2   | Reached skill level 12 in Fighting
 13447 | Lair:2   | Reached skill level 4 in Shields
 13650 | Lair:2   | Noticed a six-headed hydra
 13663 | Lair:2   | Killed a six-headed hydra
 13698 | Lair:2   | HP: 5/105 [killer bee (6)]
 13700 | Lair:2   | Slain by a killer bee

Vanquished Creatures
  2 hydras
  2 two-headed ogres
  The ghost of CInkIbrahim the Spear-Bearer, a journeyman OpGl of Ashenzari (D:9)
  A cyclops (D:7)
  A black mamba (D:9)
  2 ice devils (Lair:1)
  Grinder (D:4)
  8 blink frogs
  The ghost of KleinerIrrer the Chopper, an amateur OpTm (D:4)
  2 hippogriffs (D:10)
  A wraith (D:11)
  11 yaks
  Grum (D:10)
  A water moccasin (Lair:2)
  2 porcupines
  Duvessa (D:4)
  5 sky beasts
  3 ice beasts
  A phantom (D:4)
  4 wolves
  10 ogres
  4 centaurs
  4 crocodiles
  A big kobold (D:10)
  7 bullfrogs
  Dowan (D:4)
  A wyvern skeleton (D:7)
  2 scorpions
  6 killer bees
  3 wights (D:11)
  2 jellies
  A centaur zombie (D:6)
  6 hounds
  5 orc priests
  2 centaur skeletons
  Jessica (D:3)
  A bullfrog skeleton (D:7)
  4 iguanas
  7 orc wizards
  6 worker ants
  A hound zombie (D:6)
  2 hound skeletons
  16 adders
  2 shadow imps
  3 oozes
  2 adder zombies
  2 adder skeletons
  4 worms
  A dart slug (D:1)
  4 leopard geckos
  30 orcs
  2 bats (D:1)
  2 giant cockroaches
  6 hobgoblins
  9 jackals
  4 quokkas
  3 ball pythons
  5 frilled lizards
  6 goblins
  A jackal skeleton (D:6)
  10 kobolds
  A quokka zombie (D:6)
  6 rats
247 creatures vanquished.
